 Dungeon Crawl Stone Soup version 0.20.1-1-g8b1a95d (webtiles) character file.

26838 Nachtmaan the Fighter (level 13, 0/124 HPs)
             Began as a Minotaur Berserker on Oct 7, 2017.
             Was an Elder of Trog.
             Slain by a white ugly thing (16 damage)
             ... on level 14 of the Dungeon on Oct 8, 2017.
             The game lasted 01:25:42 (12448 turns).

Nachtmaan the Fighter (Minotaur Berserker)         Turns: 12448, Time: 01:25:43

Health: 0/124      AC: 16    Str: 27    XL:     13   Next: 1%
Magic:  12/12      EV: 15    Int:  2    God:    Trog [****..]
Gold:   583        SH:  0    Dex: 17    Spells: 12/12 levels left

rFire    x . .     SeeInvis .   h - +3 battleaxe
rCold    + . .     Gourm    .   (shield currently unavailable)
rNeg     . . .     Faith    .   d - +2 chain mail {rPois}
rPois    +         Spirit   .   (helmet restricted)
rElec    .         Reflect  .   (no cloak)
rCorr    .         Harm     .   y - +0 pair of gloves
MR       ++...                  f - +0 pair of boots
Stlth    ..........             n - amulet of magic regeneration
Regen    1.3/turn               p - +5 ring of dexterity
MPRegen  0.2/turn               e - ring of ice

@: corroded, regenerating
A: retaliatory headbutt, horns 2, molten scales 1, dopey 1, strong 1, wild magic
1
a: Berserk, Trog's Hand, Brothers in Arms, Burn Spellbooks, Renounce Religion


You were on level 14 of the Dungeon.
You worshipped Trog.
Trog was greatly pleased with you.
You were not hungry.

You visited 1 branch of the dungeon, and saw 14 of its levels.
You also visited: Sewer.

You collected 897 gold pieces.
You spent 314 gold pieces at shops.

Inventory:

Hand Weapons
 h - a +3 battleaxe (weapon)
 t - a +1 war axe
Armour
 d - a +2 chain mail of poison resistance (worn)
 f - a +0 pair of boots (worn)
 v - a +0 plate armour
 y - a +0 pair of gloves (worn)
Jewellery
 e - a ring of ice (right hand)
 n - an amulet of magic regeneration (around neck)
 p - a +5 ring of dexterity (left hand)
 E - a +3 ring of intelligence
Wands
 a - a wand of flame (32/48)
 r - a wand of acid (7/15)
 s - a wand of confusion (34/48)
 A - a wand of confusion (35/48)
 C - a wand of random effects (6/48)
 D - a wand of paralysis (10/24)
 F - a wand of iceblast (8/15)
 G - a wand of iceblast (3/15)
Scrolls
 i - 7 scrolls of recharging
 j - 3 scrolls of remove curse
 k - 6 scrolls of teleportation
 q - 3 scrolls of blinking
 x - 2 scrolls of identify
Potions
 b - a potion of brilliance
 g - 7 potions of heal wounds
 l - 3 potions of might
 m - 10 potions of curing
 o - a potion of ambrosia
 u - 2 potions of haste
 w - a potion of resistance
 B - a potion of berserk rage {unknown}
Comestibles
 c - 6 bread rations
 z - 5 royal jellies


   Skills:
 * Level 14.3 Fighting
 * Level 13.8 Axes
 * Level 13.8 Armour
 + Level 9.7 Dodging


You had 12 spell levels left.
You didn't know any spells.

Dungeon Overview and Level Annotations

Branches:
Dungeon (14/15)            Temple (0/1) D:4            Lair (0/6) D:8
    Orc (0/2) D:9          Vaults (0/5) D:13

Altars:
Ashenzari
Dithmenos
Gozag
Kikubaaqudgha
Nemelex Xobeh
Qazlal
Ru
Sif Muna
Zin

Shops:
D:4 [   D:5 [   D:10 =   D:11 !   D:12 ?


Innate Abilities, Weirdness & Mutations

You reflexively headbutt those who attack you in melee.
You have a pair of horns on your head.
You are partially covered in molten scales. (AC +2)
You are dopey. (Int -2)
Your muscles are strong. (Str +2)
Your spells are a little harder to cast, but a little more powerful.


Message History

Your headbutt misses the white ugly thing.
The white ugly thing is severely wounded.
The white ugly thing claws you!
* * * LOW HITPOINT WARNING * * *
The white ugly thing freezes you! You resist.
* * * LOW HITPOINT WARNING * * *
You feel much better.
The white ugly thing claws you but does no damage.
You barely miss the white ugly thing. You headbutt the white ugly thing.
The white ugly thing is severely wounded.
The white ugly thing claws you.
* * * LOW HITPOINT WARNING * * *
The white ugly thing freezes you! You resist.
* * * LOW HITPOINT WARNING * * *
You slash the white ugly thing! You headbutt the white ugly thing!
The white ugly thing is almost dead.
The white ugly thing claws you.
* * * LOW HITPOINT WARNING * * *
The white ugly thing freezes you! You resist.
You die...

##.#......#.........#
.##.....[.....#
...##...........
#.###.......<..
#.##......(...#
#######..............
........##...........
...#####.##..........#
......†@.............
!......u.##.........
...............)....
########..........#
#.......... #..>.....
########


You could see a white ugly thing.

Vanquished Creatures
  Azrael (D:12)
  4 vault guards (D:13)
  Erolcha (D:10)
  A centaur warrior (D:8)
  The ghost of Mitsuki the Fighter, a novice HOFi of Okawaru (D:8)
  5 two-headed ogres
  A wizard (D:13)
  An unseen horror (D:10)
  2 deep elf magi
  6 ugly things
  A wolf spider zombie (D:13)
  2 centaur zombies
  A gargoyle (D:10)
  4 trolls
  A hornet (D:9)
  A tengu conjurer (D:13)
  A hippogriff (D:12)
  2 wyverns
  4 hogs (D:8)
  A vampire (D:11)
  2 shadows
  2 fire elementals (D:12)
  A human (D:8)
  2 hungry ghosts
  A soldier ant (D:14)
  3 hell hounds (D:12)
  A sky beast (shapeshifter) (D:14)
  Purgy (D:3)
  2 ice beasts
  2 sky beasts
  2 eyes of draining (D:10)
  13 orc warriors
  2 necrophages (D:5)
  The ghost of monokles the Cudgeler, an amateur DsGl (D:4)
  5 ogres
  5 centaurs
  Blork the orc (D:4)
  3 big kobolds
  8 bullfrogs
  A gnoll sergeant (D:10)
  2 scorpions
  17 killer bees
  4 howler monkeys
  7 crimson imps
  2 bullfrog zombies
  A quasit (D:11)
  6 jellies
  21 orc wizards
  3 orc priests
  2 bullfrog skeletons
  3 hounds
  3 centaur skeletons
  3 iguanas
  17 worker ants
  3 hound zombies
  A hound skeleton (D:5)
  A howler monkey zombie (D:7)
  2 worker ant zombies
  11 gnolls
  A howler monkey skeleton (D:6)
  10 adders
  A shadow imp (D:6)
  An adder skeleton (D:4)
  2 dart slugs
  15 leopard geckos
  50 orcs
  3 ball pythons
  5 giant cockroaches
  9 hobgoblins
  13 jackals
  7 quokkas
  7 bats
  2 frilled lizards
  8 goblins
  28 kobolds
  A leopard gecko skeleton (D:5)
  13 rats
384 creatures vanquished.

Vanquished Creatures (collateral kills)
  A vault guard (D:13)
  An efreet (D:9)
  A sky beast (D:9)
  An orc warrior (D:11)
  An ice beast (D:11)
  A phantom (D:11)
  2 orc priests (D:6)
  3 orc wizards
  2 orcs
  2 kobolds (D:11)
15 creatures vanquished.

Grand Total: 399 creatures vanquished

Notes
Turn   | Place    | Note
-------+----------+-------------------------------------------
     0 | D:1      | Nachtmaan the Minotaur Berserker began the quest for the Orb.
     0 | D:1      | Reached XP level 1. HP: 19/19 MP: 0/0
   117 | D:1      | Reached XP level 2. HP: 25/27 MP: 1/1
   148 | D:1      | Reached skill level 4 in Fighting
   340 | D:1      | Found a shattered altar of Ashenzari.
   345 | D:1      | Reached ** piety under Trog
   388 | D:1      | Reached XP level 3. HP: 26/33 MP: 2/2
  1496 | D:2      | Found a glowing silver altar of Zin.
  1616 | D:2      | Reached XP level 4. HP: 36/41 MP: 3/3
  1892 | D:3      | Reached *** piety under Trog
  1937 | D:3      | Noticed Purgy
  1952 | D:3      | Killed Purgy
  1952 | D:3      | Reached XP level 5. HP: 35/47 MP: 4/4
  2085 | D:3      | Reached skill level 5 in Fighting
  2100 | D:3      | Reached skill level 5 in Axes
  2108 | D:3      | Found a glowing drain.
  2132 | D:3      | Noticed a sky beast
  2148 | D:3      | Killed a sky beast
  2148 | D:3      | Reached XP level 6. HP: 40/56 MP: 5/5
  2854 | D:4      | Found a glowing drain.
  2897 | Sewer    | Entered a sewer
  3018 | D:4      | Noticed monokles's ghost (amateur DsGl)
  3030 | D:4      | Killed monokles's ghost
  3030 | D:4      | Reached skill level 6 in Fighting
  3030 | D:4      | Reached XP level 7. HP: 54/63 MP: 6/6
  3085 | D:4      | Reached skill level 5 in Armour
  3097 | D:4      | Found a staircase to the Ecumenical Temple.
  3218 | D:4      | Noticed Blork the orc
  3224 | D:4      | Killed Blork the orc
  3243 | D:4      | Found Heesie's Antique Armour Shoppe.
  3423 | D:5      | Entered Level 5 of the Dungeon
  3734 | D:5      | Reached skill level 7 in Fighting
  3734 | D:5      | Reached XP level 8. HP: 70/70 MP: 7/7
  3857 | D:5      | Found Maseifroro's Antique Armour Shoppe.
  3866 | D:5      | Bought a runed chain mail for 150 gold pieces
  4353 | D:6      | Found an ancient bone altar of Kikubaaqudgha.
  4376 | D:6      | Reached skill level 5 in Dodging
  4379 | D:6      | Reached **** piety under Trog
  4695 | D:6      | Reached skill level 8 in Fighting
  5018 | D:6      | Found a sacrificial altar of Ru.
  5264 | D:7      | Reached XP level 9. HP: 79/79 MP: 8/8
  5465 | D:7      | Found a sparkling altar of Nemelex Xobeh.
  5468 | D:7      | Found a shadowy altar of Dithmenos.
  5492 | D:7      | Found an opulent altar of Gozag.
  5561 | D:7      | Reached skill level 9 in Fighting
  6455 | D:8      | Noticed Mitsuki's ghost (novice HOFi)
  6469 | D:8      | Killed Mitsuki's ghost
  6469 | D:8      | Reached skill level 10 in Fighting
  6492 | D:8      | Found a staircase to the Lair.
  6707 | D:8      | Found a deep blue altar of Sif Muna.
  6744 | D:8      | Noticed a centaur warrior
  6754 | D:8      | Killed a centaur warrior
  6754 | D:8      | Reached XP level 10. HP: 40/91 MP: 9/9
  7111 | D:8      | Reached skill level 10 in Armour
  7115 | D:8      | Reached skill level 10 in Axes
  7332 | D:9      | Found a stormy altar of Qazlal.
  7596 | D:9      | Reached skill level 11 in Fighting
  7604 | D:9      | Found a staircase to the Orcish Mines.
  7919 | D:9      | Noticed a two-headed ogre
  7926 | D:9      | Killed a two-headed ogre
  8180 | D:9      | Noticed a two-headed ogre
  8186 | D:9      | Killed a two-headed ogre
  8186 | D:9      | Reached XP level 11. HP: 101/101 MP: 10/10
  8357 | D:9      | Noticed a two-headed ogre
  8366 | D:9      | Killed a two-headed ogre
  8920 | D:10     | Entered Level 10 of the Dungeon
  9043 | D:10     | Gained mutation: Your spells are a little harder to cast, but a little more powerful. [potion of mutation]
  9043 | D:10     | Gained mutation: You are partially covered in molten scales. (AC +2) [potion of mutation]
  9043 | D:10     | Gained mutation: You are dopey. (Int -2) [potion of mutation]
  9043 | D:10     | Gained mutation: Your muscles are strong. (Str +2) [potion of mutation]
  9062 | D:10     | Reached skill level 12 in Fighting
  9245 | D:10     | Noticed Erolcha
  9253 | D:10     | Killed Erolcha
  9666 | D:10     | Killed an unseen horror
  9753 | D:10     | Found Aly Tuy's Jewellery Emporium.
 10214 | D:11     | Noticed a two-headed ogre
 10221 | D:11     | Killed a two-headed ogre
 10452 | D:11     | Found Zobb's Distillery.
 10701 | D:12     | Noticed a red ugly thing
 10708 | D:12     | Killed a red ugly thing
 10748 | D:12     | Noticed a deep elf mage
 10760 | D:12     | Reached skill level 13 in Fighting
 10760 | D:12     | Reached XP level 12. HP: 72/112 MP: 11/11
 10899 | D:12     | Noticed Azrael
 10919 | D:12     | Killed Azrael
 10923 | D:12     | HP: 2/112 [fire elemental[Azrael] (15)]
 11150 | D:12     | Found Usesuog's Magic Scroll Emporium.
 11165 | D:12     | Bought a scroll of enchant weapon for 82 gold pieces
 11165 | D:12     | Bought a scroll of enchant weapon for 82 gold pieces
 11210 | D:12     | Found a labyrinth entrance.
 11579 | D:13     | Found a shadowy altar of Dithmenos.
 11897 | D:13     | Noticed a vault guard
 12007 | D:13     | Noticed a vault guard
 12045 | D:13     | Noticed a vault guard
 12057 | D:13     | Killed a vault guard
 12076 | D:13     | Killed a vault guard
 12089 | D:13     | Noticed a vault guard
 12092 | D:13     | Noticed a vault guard
 12095 | D:13     | Killed a vault guard
 12097 | D:13     | Killed a vault guard
 12097 | D:13     | Reached skill level 14 in Fighting
 12102 | D:13     | Found a gate to the Vaults.
 12119 | D:13     | Killed a vault guard
 12327 | D:14     | Noticed a two-headed ogre
 12336 | D:14     | Killed a two-headed ogre
 12442 | D:14     | Reached XP level 13. HP: 34/124 MP: 12/12
 12448 | D:14     | Slain by a white ugly thing

Skill      XL: |  1  2  3  4  5  6  7  8  9 10 11 12 |
---------------+-------------------------------------+-----
Axes           | 4 5 6 8 9 11 12 13 | 13.8
Fighting       | 4 5 6 7 8 10 11 13 14 | 14.3
Dodging        | 3 4 5 6 7 8 9 |  9.7
Armour         | 3 4 6 7 9 11 12 13 | 13.8

Action                   |  1- 3 |  4- 6 |  7- 9 | 10-12 | 13-15 || total
-------------------------+-------+-------+-------+-------+-------++-------
Melee: Hand axe          |    75 |   139 |    41 |       |       ||   255
       Headbutt          |     6 |    21 |    50 |   117 |     2 ||   196
       War axe           |       |       |   129 |       |       ||   129
       Battleaxe         |       |       |    54 |   391 |     5 ||   450
Invok: Berserk           |     2 |     4 |    11 |    18 |       ||    35
       Trog's Hand       |       |     5 |     5 |    18 |       ||    28
       Burn Spellbooks   |       |       |     3 |       |       ||     3
       Brothers in Arms  |       |       |     1 |     4 |       ||     5
  Use: Potion            |     3 |     4 |     1 |     5 |     1 ||    14
       Scroll            |     7 |     1 |    10 |     9 |       ||    27
 Stab: Confused          |       |       |       |     1 |       ||     1
  Eat: Chunk             |     4 |     7 |    10 |    11 |       ||    32
       Royal jelly       |       |     1 |     3 |     2 |       ||     6
       Meat ration       |       |       |     1 |     5 |       ||     6
       Bread ration      |       |       |     1 |     1 |       ||     2
       Fruit             |       |       |       |     1 |       ||     1
Armor: Leather armour    |    13 |       |       |       |       ||    13
       Chain mail        |    10 |    79 |   103 |   231 |     2 ||   425
Dodge: Dodged            |    55 |    63 |   123 |   326 |     1 ||   568
